 Dungeon Crawl Stone Soup version 0.14-a0-519-g334afa2 (webtiles) character file.

86 LostMyPassword the Magician (level 2, -2/13 HPs)
             Began as a Deep Elf Wizard on Nov 1, 2013.
             Slain by a kobold
             ... wielding a +2,+0 elven short sword of venom
              (3 damage)
             ... on Level 1 of the Dungeon.
             The game lasted 00:03:10 (837 turns).

LostMyPassword the Magician (Deep Elf Wizard)        Turns: 837, Time: 00:03:11

HP  -2/13        AC  2     Str  4      XL: 2   Next: 55%
MP   1/10        EV 12     Int 22      God:
Gold 67          SH  0     Dex 13      Spells:  4 memorised,  2 levels left

Res.Fire  : . . .   See Invis. : .   f - +2,+0 elf dagger
Res.Cold  : . . .   Warding    : .   a - +0 elf robe
Life Prot.: . . .   Conserve   : .   (no shield)
Res.Poison: .       Res.Corr.  : .   b - +0 elf wizard hat
Res.Elec. : .       Clarity    : .   (no cloak)
Sust.Abil.: . .     Spirit.Shd : .   (no gloves)
Res.Mut.  : .       Stasis     : .   (no boots)
Res.Rott. : .       Flight     : .   (no amulet)
Saprovore : . . .                    (no ring)
                                     (no ring)

@: mildly poisoned, very slightly contaminated, not resistant to hostile
enchantments, fairly stealthy
A: no striking features
a: no special abilities


You were on level 1 of the Dungeon.
You were not hungry.

You visited 1 branch of the dungeon, and saw 1 of its levels.

You collected 67 gold pieces.

Inventory:

Hand weapons
 f - a +2,+0 elven dagger (weapon)
Armour
 a - a +0 elven robe (worn)
 b - a +0 elven wizard hat (worn)
Comestibles
 d - a bread ration
 g - a rotting chunk of bat flesh
 h - 3 chunks of hobgoblin flesh
 l - a meat ration
 m - a rotting chunk of ball python flesh
 n - a rotting chunk of giant newt flesh
Scrolls
 e - a scroll of noise {unknown}
 i - 2 scrolls of remove curse {unknown}
 o - a scroll of enchant armour {unknown}
 p - a scroll of fear {unknown}
Books
 c - a book of Minor Magic

   Spells                             Type                      Level
   *Magic Dart                        Conjuration                  1
   *Blink                             Translocation                2
   *Call Imp                          Summoning                    2
   *Repel Missiles                    Charms/Air                   2
   Slow                               Hexes                        2
   Conjure Flame                      Conjuration/Fire             3
   Mephitic Cloud                     Conjuration/Poison/Air       3


   Skills:
 - Level 2.4 Dodging
 - Level 2.4 Stealth
 - Level 4.4 Spellcasting
 * Level 2.9 Conjurations
 - Level 1.1 Summonings
 - Level 1.1 Translocations


You had 2 spell levels left.
You knew the following spells:

 Your Spells              Type           Power        Failure   Level  Hunger
a - Magic Dart            Conj           ###.         3%          1    None
c - Repel Missiles        Chrm/Air       #.........   17%         2    None
d - Blink                 Tloc           N/A          12%         2    None
e - Call Imp              Summ           #.........   12%         2    None


Dungeon Overview and Level Annotations

Branches:
Dungeon (1/27)

Altars:


Message History

You hit the kobold but do no damage.
The kobold is severely wounded.
* * * LOW HITPOINT WARNING * * *
You feel sick.
The kobold hits you with an elven short sword of venom.
* * * LOW HITPOINT WARNING * * *
You are more poisoned.
Eat which item? (? for menu, Esc to quit)
Okay, then.
You aren't carrying any potions.
Casting: Blink
Confirm with . or Enter, or press ? or * to list all spells.
You don't have enough magic to cast that spell.
You closely miss the kobold.
The kobold is severely wounded.
* * * LOW HITPOINT WARNING * * *
You feel sick.
You feel a little better.
The kobold hits you with an elven short sword of venom.
You die...

##....# #########.#
#....# .....### #.#
#....# ####.# #.#
#....# #. #.# #....# #.
#.# #....# ## #. #.#
####### #... ###
#.#######.# .....
.#.#.###.# #.........#
......
......#@K.###.#####.###
......
.....................#
######
#..#.#.#.#.##.##.#..#
#..........##.......#
#..#.#.#.#.##.##.#..#
#..(.......##......%# .
#..#.#.#.#.##.......#
..
#..........###.#.##..#
..
###.#.#.#.#.##........#


You could see a kobold.

Vanquished Creatures
  A giant gecko (D:1)
  2 ball pythons (D:1)
  2 goblins (D:1)
  4 hobgoblins (D:1)
  4 bats (D:1)
  2 giant newts (D:1)
  A kobold (D:1)
  A rat (D:1)
17 creatures vanquished.

Notes
Turn   | Place    | Note
--------------------------------------------------------------
     0 | D:1      | LostMyPassword, the Deep Elf Wizard, began the quest for the Orb.
     0 | D:1      | Reached XP level 1. HP: 8/8 MP: 7/7
   320 | D:1      | Reached XP level 2. HP: 11/13 MP: 1/10
   394 | D:1      | Learned a level 2 spell: Blink
   397 | D:1      | Learned a level 2 spell: Repel Missiles
   400 | D:1      | Learned a level 2 spell: Call Imp
   837 | D:1      | Slain by a kobold

Action                   || total
-------------------------++-------
Melee: Unarmed           ||    11
       Dagger            ||     3
 Cast: Magic Dart        ||    42
       Blink             ||     1
